 Dungeon Crawl Stone Soup version 0.31.0-9-g3a7656b989 (webtiles) character file.

Game seed: 16971093449285553248

51752 stipulation the Wrestler (level 14, -1/102 HPs)
             Began as a Ghoul Monk on Jan 24, 2024.
             Was a High Priest of Wu Jian.
             Slain by a wolf (4 damage)
             ... while petrified by a basilisk
             ... on level 5 of the Lair of Beasts on Jan 25, 2024.
             The game lasted 00:12:03 (17008 turns).

stipulation the Wrestler (Ghoul Monk)              Turns: 17008, Time: 00:12:04

Health: -1/102     AC: 22    Str: 20    XL:     14   Next: 61%
Magic:  14/14      EV:  2    Int:  9    God:    Wu Jian [*****.]
Gold:   613        SH:  0    Dex: 11    Spells: 13/13 levels left

rFire   . .          .
                       - Unarmed
rCold   + . .        c - orb {light}
rNeg    + + +        K - +0 plate armour
rPois   ∞            s - +0 helmet
rElec   .            v - +0 cloak
rCorr   .            (no gloves)
SInv    .            G - +0 pair of boots
Will    +....        (no amulet) Stlth
                     k - +4 ring of slaying
HPRegen 0.00/turn    D - +4 ring of protection
MPRegen 0.14/turn

%: no passive effects
@: petrified, spiked, inhibited regen, glowing
A: claws 1, cold resistance 1, negative energy resistance 3, inhibited
regeneration, torment resistance 2, devour on kill
a: Renounce Religion, Wall Jump, Serpent's Lash, Heavenly Storm


You were on level 5 of the Lair of Beasts.
You worshipped Wu Jian.
Wu Jian was extremely pleased with you.
You visited 3 branches of the dungeon, and saw 17 of its levels.

You collected 1165 gold pieces.
You spent 552 gold pieces at shops.

Inventory:

Missiles
 M - a throwing net
Armour
 c - an orb of light (worn)
 s - a +0 helmet (worn)
 v - a +0 cloak (worn)
 G - a +0 pair of boots (worn)
 H - a +0 chain mail
 K - a +0 plate armour (worn)
Jewellery
 k - a +4 ring of slaying (left claw)
 o - a ring of magical power
 x - a +6 ring of dexterity
 D - a +4 ring of protection (right claw)
 I - a +6 ring of strength
 S - a ring of protection from cold
Wands
 w - a wand of roots (11) (quivered)
Scrolls
 d - a scroll of summoning
 i - 5 scrolls of teleportation
 l - 5 scrolls of amnesia
 m - 5 scrolls of immolation
 n - a scroll of acquirement {unknown}
 q - 4 scrolls of enchant armour
 t - 2 scrolls of revelation
 y - 3 scrolls of silence
 A - 3 scrolls of brand weapon
 C - 2 scrolls of fog
 E - 2 scrolls of blinking
 F - a scroll of noise
 J - 2 scrolls of fear
 L - a scroll of vulnerability
 P - a scroll of poison
 Q - 3 scrolls of enchant weapon
 R - a scroll of identify
Potions
 a - 4 potions of magic
 b - a potion of mutation {unknown}
 e - 6 potions of enlightenment
 f - 5 potions of haste {unknown}
 g - a potion of attraction {unknown}
 h - 10 potions of heal wounds
 j - 2 potions of lignification {unknown}
 p - 3 potions of degeneration
 r - 3 potions of brilliance {unknown}
 u - 3 potions of ambrosia
 z - 5 potions of curing
 B - 3 potions of might {unknown}
 N - a potion of invisibility
 O - 2 potions of cancellation


   Skills:
 - Level 3.2 Fighting
 - Level 10.0 Armour
 - Level 2.6 Dodging
 + Level 23.9 Unarmed Combat


You had 13 spell levels left.
You didn't know any spells.
Your spell library contained the following spells:

 Spells                   Type           Power      Damage    Failure   Level
 Kiss of Death            Conj/Necr      0%         2d5       100%        1
 Magic Dart               Conj           0%         1d3       100%        1
 Slow                     Hex            0%         N/A       100%        1
 Sting                    Conj/Alch      0%         1d3       100%        1
 Blink                    Tloc           0%         N/A       100%        2
 Call Imp                 Summ           0%         N/A       100%        2
 Cigotuvi's Dreadful Rot  Necr/Alch/Air  0%         N/A       100%        2
 Ensorcelled Hibernation  Hex/Ice        0%         N/A       100%        2
 Confusing Touch          Hex            0%         N/A       100%        3
 Dazzling Flash           Conj/Hex       0%         N/A       100%        3
 Fugue of the Fallen      Necr           0%         N/A       100%        3
 Gell's Gravitas          Tloc           0%         N/A       100%        3
 Passwall                 Erth           0%         N/A       100%        3
 Sigil of Binding         Hex            0%         N/A       100%        3
 Swiftness                Air            0%         N/A       100%        3
 Teleport Other           Tloc           0%         N/A       100%        3
 Vampiric Draining        Necr           0%         2d6       100%        3
 Volatile Blastmotes      Fire/Tloc      0%         2d10      100%        3
 Anguish                  Hex/Necr       0%         N/A       100%        4
 Dispel Undead            Necr           0%         3d6       100%        4
 Fulminant Prism          Conj/Alch      0%         3d5       100%        4
 Ignite Poison            Fire/Alch      0%         N/A       100%        4
 Iskenderun's Mystic Bla  Conj/Tloc      0%         2d3       100%        4
 Freezing Cloud           Conj/Ice/Air   0%         6-21      100%        5
 Iskenderun's Battlesphe  Conj           0%         2d6       100%        5
 Bombard                  Conj/Erth      0%         9d1       100%        6
 Dispersal                Tloc           0%         N/A       100%        6
 Starburst                Conj/Fire      0%         6d3       100%        6
 Malign Gateway           Summ/Tloc      0%         N/A       100%        7
 Spellforged Servitor     Conj/Summ      0%         N/A       100%        7
 Maxwell's Capacitive Co  Air            0%         ∞         100%        8
 Summon Horrible Things   Summ           0%         N/A       100%        8


Dungeon Overview and Level Annotations

Branches:
Dungeon (11/15)            Temple (1/1) D:5            Lair (5/5) D:10
 Shoals (0/4) Lair:3        Snake (0/4) Lair:2
  Slime: Lair:4-5       Orc: D:9-12

Altars:
Ashenzari
Cheibriados
Dithmenos
Fedhas
Gozag
Hepliaklqana
Kikubaaqudgha
Makhleb
Nemelex Xobeh
Okawaru
Qazlal
Ru
Sif Muna
Trog
Uskayaw
Vehumet
Wu Jian
Xom
Yredelemnul

Shops:
D:11 !

Annotations:
Lair:1 2 transporters, Zeor's ghost, journeyman FeSh


Innate Abilities, Weirdness & Mutations

You are immune to poison.
You have sharp fingernails.
Your flesh is cold resistant. (rC+)
You are immune to negative energy. (rN+++)
You do not regenerate when monsters are visible.
You are immune to unholy pain and torment.
You thrive by killing the living.


Message History

The barbed spikes become lodged in your body.
* * * LOW HITPOINT WARNING * * *
You hear a roar!
Your surroundings suddenly seem different.
An elephant comes into view.
The ice encasing you melts away.
The elephant trumpets!
You hear a trumpeting!
You hear a howl!
You hear a trumpeting!
You hear a howl!
A wolf comes into view.
A cane toad comes into view.
The wolf howls!
The cane toad croaks.
You hear a howl! x2
A wolf comes into view. x2; A komodo dragon comes into view.
The wolf moves out of view.
A wolf comes into view.
An elephant comes into view.
The wolf bites something.
You feel less exhausted.
The wolf howls!
You hear a bleat!
A wolf comes into view.
An elephant comes into view.
The elephant trumpets!
You hear a bleat!
The wolf pauses to sniff the ground.
The elephant completely misses you. The elephant trunk-slaps you.
The cane toad stings you but does no damage.
A wolf comes into view.
The cane toad stings you.
* * * LOW HITPOINT WARNING * * *
The elephant tramples you but does no damage.
The elephant trunk-slaps you but does no damage.
The wolf bites you.
* * * LOW HITPOINT WARNING * * *
The wolf moves out of view.
The wolf bites you but does no damage.
The cane toad stings you but does no damage.
The wolf bites you but does no damage.
The elephant tramples you but does no damage.
The elephant trunk-slaps you but does no damage.
The wolf completely misses you.
The wolf bites you but does no damage. x2
The cane toad stings you but does no damage.
The wolf bites you!
You die...

....##
...##
..........
...# ..
P....#
####
Y....... .
#. ..P.
#.##.h...#
#.....#lP#
#....hYFh#
#......@#
..###.hh#
#P...#
##...#
P.### ##.
##


You could see 2 elephants, a komodo dragon, a cane toad and 5 wolves.

Vanquished Creatures
  Harold (D:10)
  4 hydras
  2 catoblepae (Lair:4)
  2 boulder beetles
  2 two-headed ogres
  Lodul (D:10)
  A skyshark (Lair:2)
  4 lindwurms
  Maurice (D:7)
  20 elephants
  2 black mambas (Lair:3)
  The ghost of Esekla the Thaumaturge, a novice SpCA of Ignis (D:7)
  A guardian serpent (Lair:2)
  14 cane toads
  7 rime drakes
  14 komodo dragons
  2 trolls
  Grinder (D:3)
  A polar bear (Lair:5)
  2 hornets
  22 blink frogs
  A snapping turtle (Lair:3)
  10 dream sheep
  A water elemental (Lair:3)
  A shadow (D:11)
  2 wraiths
  11 wyverns
  8 basilisks
  39 yaks
  5 steam dragons
  A warg (D:10)
  2 acid dragons (D:11)
  9 water moccasins
  5 orc warriors
  4 ice beasts
  2 black bears
  11 ogres
  12 wolves
  4 centaurs
  8 bullfrogs
  3 gnoll sergeants
  A scorpion (D:5)
  27 killer bees
  2 electric eels (Lair:4)
  A howler monkey (D:9)
  Crazy Yiuf (D:4)
  A jelly (D:7)
  5 bombardier beetles
  6 orc priests
  3 hounds
  2 iguanas
  3 sleepcaps
  12 orc wizards
  27 gnolls
  5 adders
  2 ufetubi (D:5)
  A ribbon worm (D:4)
  5 dart slugs
  31 orcs
  4 ball pythons
  13 endoplasms
  8 giant cockroaches
  6 goblins
  7 hobgoblins
  4 jackals (D:3)
  6 kobolds
  4 quokkas
  5 bats
  3 frilled lizards (D:2)
  8 rats
  A butterfly (Lair:5)
448 creatures vanquished.

Notes
Turn   | Place    | Note
-------+----------+-------------------------------------------
     0 | D:1      | stipulation the Ghoul Monk began the quest for the Orb.
     0 | D:1      | Reached XP level 1. HP: 19/19 MP: 1/1
    82 | D:1      | Reached XP level 2. HP: 26/26 MP: 2/2
   135 | D:1      | Reached skill level 4 in Unarmed Combat
   297 | D:1      | Reached XP level 3. HP: 31/31 MP: 3/3
   716 | D:1      | You fall into a shaft and drop 1 floor!
   842 | D:2      | Reached skill level 5 in Unarmed Combat
   981 | D:2      | Reached XP level 4. HP: 31/38 MP: 4/4
  1146 | D:2      | Found a faded altar of an unknown god.
  1604 | D:3      | Noticed an ice beast
  1612 | D:3      | Killed an ice beast
  1613 | D:3      | Reached skill level 6 in Unarmed Combat
  1613 | D:3      | Reached XP level 5. HP: 22/45 MP: 5/5
  1753 | D:3      | Found a sacrificial altar of Ru.
  1818 | D:3      | Reached skill level 7 in Unarmed Combat
  1884 | D:3      | Noticed Grinder
  1885 | D:3      | Paralysed by Grinder for 3 turns
  1889 | D:3      | Paralysed by Grinder for 2 turns
  1924 | D:3      | Reached XP level 6. HP: 26/51 MP: 6/6
  1934 | D:3      | Killed Grinder
  1935 | D:3      | Reached skill level 8 in Unarmed Combat
  1935 | D:3      | Reached XP level 7. HP: 8/57 MP: 7/7
  2678 | D:4      | Reached skill level 9 in Unarmed Combat
  3255 | D:4      | Reached skill level 10 in Unarmed Combat
  3465 | D:4      | Found a broken altar of Ashenzari.
  3614 | D:4      | Found a runed translucent door.
  3615 | D:4      | Noticed Crazy Yiuf
  3626 | D:4      | Killed Crazy Yiuf
  3837 | D:5      | Entered Level 5 of the Dungeon
  3845 | D:5      | Reached XP level 8. HP: 63/63 MP: 8/8
  4085 | D:5      | Found a staircase to the Ecumenical Temple.
  4180 | D:5      | Found a snail-covered altar of Cheibriados.
  4228 | D:5      | Reached skill level 11 in Unarmed Combat
  4662 | Temple   | Entered the Ecumenical Temple
  4687 | Temple   | Became a worshipper of the Wu Jian Council
  4687 | Temple   | Reached * piety under Wu Jian
  4687 | Temple   | Reached ** piety under Wu Jian
  5117 | D:6      | Reached skill level 12 in Unarmed Combat
  5283 | D:6      | Found an opulent altar of Gozag.
  5283 | D:6      | Found a bloodstained altar of Trog.
  5520 | D:6      | Found an ancient bone altar of Kikubaaqudgha.
  5562 | D:6      | Reached XP level 9. HP: 70/70 MP: 9/9
  5829 | D:6      | Reached skill level 13 in Unarmed Combat
  6162 | D:7      | Noticed Maurice
  6163 | D:7      | Noticed a troll
  6167 | D:7      | Maurice stole 208 gold
  6169 | D:7      | Maurice stole a +6 ring of strength
  6597 | D:8      | Reached skill level 14 in Unarmed Combat
  6656 | D:8      | Reached skill level 15 in Unarmed Combat
  6661 | D:8      | Reached XP level 10. HP: 22/77 MP: 10/10
  6938 | D:8      | Reached *** piety under Wu Jian
  6947 | D:8      | Reached skill level 16 in Unarmed Combat
  8319 | D:7      | Found a runed translucent door.
  8320 | D:7      | Noticed Esekla's ghost (novice SpCA)
  8337 | D:7      | Maurice stole 34 gold
  8339 | D:7      | Maurice stole 84 gold
  8341 | D:7      | Killed Maurice
  8342 | D:7      | Reached skill level 17 in Unarmed Combat
  8504 | D:7      | Killed Esekla's ghost
  8596 | D:7      | Identified the +8 rapier of Frustration {venom, rPois rC+}
  8801 | D:9      | Reached XP level 11. HP: 76/82 MP: 11/11
  9030 | D:9      | Noticed a two-headed ogre
  9032 | D:9      | Killed a two-headed ogre
  9266 | D:9      | Found a shimmering altar of Xom.
  9355 | D:10     | Entered Level 10 of the Dungeon
  9375 | D:10     | Noticed Lodul
  9397 | D:9      | HP: 3/82 [ogre/+0 giant club[Lodul] (26)]
  9803 | D:10     | Noticed Harold
  9814 | D:10     | Killed Harold
  9815 | D:10     | Reached skill level 18 in Unarmed Combat
  9869 | D:10     | Killed Lodul
 10034 | D:10     | Found an iron altar of Okawaru.
 10143 | D:10     | Found a staircase to the Lair.
 10183 | D:10     | Reached **** piety under Wu Jian
 10445 | D:10     | Found a radiant altar of Vehumet.
 10678 | D:11     | Found Fuhely's Distillery.
 10687 | D:11     | Bought a potion of curing for 36 gold pieces
 10687 | D:11     | Bought 2 potions of heal wounds for 120 gold pieces
 10687 | D:11     | Bought a potion of invisibility for 96 gold pieces
 10687 | D:11     | Bought 2 potions of cancellation for 192 gold pieces
 10687 | D:11     | Bought a potion of curing for 36 gold pieces
 10687 | D:11     | Bought a potion of heal wounds for 60 gold pieces
 10687 | D:11     | Bought a potion of degeneration for 12 gold pieces
 10796 | D:11     | Reached skill level 5 in Armour
 10907 | D:11     | Noticed a boulder beetle
 10921 | D:11     | Noticed a two-headed ogre
 10926 | D:11     | Killed a boulder beetle
 10928 | D:11     | Killed a two-headed ogre
 11666 | Lair:1   | Entered Level 1 of the Lair of Beasts
 11681 | Lair:1   | Reached XP level 12. HP: 89/89 MP: 12/12
 11711 | Lair:1   | Noticed Zeor's ghost (journeyman FeSh)
 11714 | Lair:1   | Noticed a spriggan berserker
 11715 | Lair:1   | Found a bloodstained altar of Trog.
 11716 | Lair:1   | Found a transporter.
 11721 | Lair:1   | Reached skill level 19 in Unarmed Combat
 11765 | Lair:1   | Found a transporter.
 12487 | Lair:2   | Noticed a skyshark
 12493 | Lair:2   | Killed a skyshark
 12643 | Lair:2   | Found a staircase to the Snake Pit.
 12797 | Lair:2   | Reached ***** piety under Wu Jian
 13531 | Lair:3   | Reached skill level 20 in Unarmed Combat
 13660 | Lair:3   | Noticed a boulder beetle
 13672 | Lair:3   | Killed a boulder beetle
 13672 | Lair:3   | Reached XP level 13. HP: 63/94 MP: 13/13
 14322 | Lair:3   | Found a staircase to the Shoals.
 14331 | Lair:3   | Reached skill level 10 in Armour
 14611 | Lair:4   | Reached skill level 21 in Unarmed Combat
 15359 | Lair:4   | Reached skill level 22 in Unarmed Combat
 15599 | Lair:4   | Reached XP level 14. HP: 102/102 MP: 14/14
 16078 | Lair:4   | Got Emel's Teachings on Bruises
 16248 | Lair:4   | Reached skill level 23 in Unarmed Combat
 16660 | Lair:5   | Entered Level 5 of the Lair of Beasts
 16925 | Lair:5   | Identified the +0 ring mail "Naipidghi" {rN++}
 17006 | Lair:5   | HP: 5/102 [cane toad (1)]
 17008 | Lair:5   | Slain by a wolf

Illustrated notes

Levels and vault maps discovered:
D:1:      dpeg_arrival_stone_temple_mockup, layout_basic,
          chequers_serial_rivers_room_b
D:2:      layout_loops_corners, ebering_ecumenical_altar_box
D:3:      layout_loops_ring, nicolae_ru_sacrificial_ziggurat, uniq_grinder
D:4:      layout_loops_ring, kennysheep_mini, minmay_stone_trees_small,
          uniq_crazy_yiuf_cottage
D:5:      layout_loops_ring, kennysheep_slug_shrine, minmay_temple_entry_waves
D:6:      layout_loops_corners, gammafunk_temple_overflow_pools,
          grunt_temple_overflow_open
D:7:      layout_basic, ebering_ghost_inner_flame, uniq_maurice
D:8:      layout_basic
D:9:      layout_roguey, nicolae_overflow_hidden_temple
D:10:     layout_irregular_city, hellmonk_okawaru_the_only_friend_you_need,
          mainiacjoe_overflow_paths, erik_lair_orcish_takeover,
          minmay_misc_feat_tower, uniq_lodul, uniq_harold
D:11:     layout_cave_pods, serial_shops, nicolae_lakefront_shop
Temple:   nicolae_temple_godzebo
Lair:1:   layout_roguey, gammafunk_ghost_wrathful_warriors,
          nicolae_lair_grazing_beasts [nicolae_sub_lair_graze_edge,
          nicolae_sub_lair_graze_edge, nicolae_sub_lair_graze_edge,
          nicolae_sub_lair_graze_edge]
Lair:2:   layout_roguey, minmay_snake_entry_spellcaster, grunt_megastairs_1
Lair:3:   layout_loops_ring, minmay_shoals_entry_hut, nicolae_lair_lindhole,
          infiniplex_staircase_pool_2, lemuel_fruit_tree
Lair:4:   regret_index_malice_mire, layout_gridlike, grunt_megastairs_3,
          infiniplex_staircase_pool
Lair:5:   hangedman_lair_in_review, layout_misc_corridors, slime_entry_1,
          lemuel_fruit_fields

Skill      XL: |  1  2  3  4  5  6  7  8  9 10 11 12 13 14 |
---------------+-------------------------------------------+-----
Unarmed Combat | 4 5 6 7 8 10 12 15 17 18 20 22 23 | 23.9
Armour         | 6 9 10 | 10.0
Fighting       | |  3.2
Dodging        | |  2.6

Action                     |  1- 3 |  4- 6 |  7- 9 | 10-12 | 13-15 || total
---------------------------+-------+-------+-------+-------+-------++-------
  Melee: Unarmed           |    86 |    78 |   266 |   455 |   462 ||  1347
  Throw: Throwing net      |       |       |       |       |     1 ||     1
 Invoke: Serpent's Lash    |       |       |       |     4 |     8 ||    12
Ability: Lunge             |       |       |     9 |    42 |    26 ||    77
         Whirlwind         |       |       |     5 |    42 |    76 ||   123
         Wall Jump         |       |       |       |     1 |     7 ||     8
    Use: Potion            |       |     1 |     1 |       |       ||     2
         Scroll            |       |       |     3 |    10 |     7 ||    20
   Stab: Distracted        |       |       |       |     2 |       ||     2
 Armour: Robe              |    34 |    47 |   135 |    26 |       ||   242
         Chain mail        |       |       |       |    39 |       ||    39
         Plate armour      |       |       |       |   243 |   329 ||   572
  Dodge: Dodged            |    49 |    57 |   113 |   118 |    95 ||   432
